 Dungeon Crawl Stone Soup version 0.29-a0-384-g6960b1960d (webtiles) character file.

Game seed: 8191531905141110511

379 Hubjo the Firebug (level 6, -3/36 HPs)
             Began as a Deep Elf Fire Elementalist on May 6, 2022.
             Was an Initiate of Elyvilon.
             Slain by a black bear (5 damage)
             ... on level 4 of the Dungeon.
             The game lasted 00:09:59 (6115 turns).

Hubjo the Firebug (Deep Elf Fire Elementalist)      Turns: 6115, Time: 00:10:01

Health: -3/36      AC:  2    Str:  5    XL:     6   Next: 45%
Magic:  8/15       EV: 13    Int: 20    God:    Elyvilon [......]
Gold:   200        SH:  0    Dex: 17    Spells: 3/14 levels left

rFire   + . .      SeeInvis .   f - +1 dagger (speed)
rCold   x . .      Faith    .   (no shield)
rNeg    + . .      Spirit   .   a - +0 robe
rPois   .          Reflect  .   (no helmet)
rElec   .          Harm     .   (no cloak)
rCorr   .          Rampage  .   (no gloves)
Will    .....                   (no boots)
Stlth   +++.......              (no amulet)
HPRegen 0.12/turn               i - ring of positive energy
MPRegen 0.14/turn               D - ring of fire

@: no status effects
A: no striking features
a: Renounce Religion


You were on level 4 of the Dungeon.
You worshipped Elyvilon.
Elyvilon was noncommittal.
You visited 1 branch of the dungeon, and saw 4 of its levels.

You collected 200 gold pieces.

Inventory:

Hand Weapons
 f - a +1 dagger of speed (weapon)
 p - a +0 whip of electrocution
 v - a +2 quarterstaff of chaos
Armour
 a - a +0 robe (worn)
 t - the +4 ring mail of Watchfulness {-Tele rC++ Int+4}
   (You found it on level 2 of the Dungeon)

   Int:       It affects your intelligence (+4).
   rC:        It greatly protects you from cold.
   -Tele:     It prevents most forms of teleportation.
Magical Staves
 l - a staff of fire
Jewellery
 i - a ring of positive energy (left hand)
 B - an amulet of faith
 D - a ring of fire (right hand)
Wands
 m - a wand of digging (7)
 w - a wand of paralysis (14)
Scrolls
 c - a scroll of enchant weapon {unknown}
 d - a scroll of fog {unknown}
 e - a scroll of magic mapping {unknown}
 j - a scroll of blinking {unknown}
 n - 3 scrolls of enchant armour
 o - 2 scrolls of immolation
 q - a scroll of fear {unknown}
 r - a scroll of silence {unknown}
 s - a scroll of vulnerability
 y - a scroll of teleportation {unknown}
 z - a scroll of poison {unknown}
 A - a scroll of amnesia {unknown}
 E - a scroll of noise {unknown}
 F - a scroll of identify
Potions
 b - a potion of magic
 g - 2 potions of haste {unknown}
 h - 2 potions of curing {unknown}
 k - 4 potions of flight {unknown}
 u - a potion of cancellation {unknown}
 x - a potion of berserk rage {unknown}
 C - a potion of degeneration {unknown}
 G - a potion of lignification {unknown}


   Skills:
 + Level 2.8 Fighting
 - Level 2.4 Dodging
 * Level 4.6 Stealth
 + Level 4.8 Spellcasting
 - Level 1.1 Conjurations
 * Level 0.5 Summonings
 + Level 5.0 Fire Magic


You had 3 spell levels left.
You knew the following spells:

 Your Spells              Type           Power      Damage    Failure   Level
a - Foxfire               Conj/Fire      100%       2x1d9     3%          1
b - Summon Cactus Giant   Summ           3%         N/A       100%        6
c - Flame Wave            Conj/Fire      25%        2d7       32%         4

Your spell library contained the following spells:

 Spells                   Type           Power      Damage    Failure   Level
 Scorch                   Fire           74%        2d8       2%          2
 Conjure Flame            Conj/Fire      25%        6-21      10%         3
 Inner Flame              Hex/Fire       22%        N/A       13%         3
 Summon Guardian Golem    Hex/Summ       6%         N/A       30%         3
 Orb of Destruction       Conj           4%         9d5       100%        7
 Spellforged Servitor     Conj/Summ      4%         N/A       100%        7


Dungeon Overview and Level Annotations

Branches:
Dungeon (4/15)
 Temple: D:4-7

Altars:
Dithmenos
Elyvilon
Xom


Message History

Your foxfire dissipates!
Your foxfire dissipates!
Your foxfire dissipates!
You see here an adder corpse.
A black bear comes into view.
A black bear is nearby!
A black bear is nearby!
A black bear is nearby!
You feel a surge of power!
You conjure some foxfire!
You feel a surge of power!
You conjure some foxfire!
The foxfire hits the black bear.
The black bear is moderately wounded.
The foxfire hits the black bear but does no damage.
The black bear is moderately wounded.
You feel a surge of power!
You conjure some foxfire!
You feel a surge of power!
You conjure some foxfire!
The foxfire hits the black bear.
The black bear is heavily wounded.
The foxfire hits the black bear!
The black bear is almost dead.
The black bear goes berserk!
You feel a surge of power!
You conjure some foxfire!
You feel a surge of power!
You conjure some foxfire!
The foxfire hits the black bear but does no damage.
The black bear is severely wounded.
The foxfire hits the black bear.
The black bear is almost dead.
The black bear closely misses you. The black bear claws you. x2
You feel a surge of power!
You conjure some foxfire!
The black bear bites you! The black bear claws you.
* * * LOW HITPOINT WARNING * * *
The black bear claws you.
* * * LOW HITPOINT WARNING * * *
Your foxfire dissipates!
The black bear attacks as you move away!
The black bear bites you but does no damage.
The black bear claws you.
* * * LOW HITPOINT WARNING * * *
The black bear claws you.
You die...

.#.#.## #...# ......#
#.#.# )#)#..# #.#.#
).....#########.#.####
.#.##.........)......#
.#.#########......##.#
.#.#########.##v####.#
....>........##.####.#
#####.#########v@v##.#
#.# ###h##.# #.# .##.#
## #.# .##.# .# #.#
.##.## .####.# .#...#
......# .##.## .######
.##.# .# #.#


You could see a black bear (berserk, ally target).

Vanquished Creatures
  A howler monkey (D:3)
  Crazy Yiuf (D:2)
  A jelly (D:4)
  3 orc wizards (D:4)
  5 adders
  3 gnolls (D:4)
  A shadow imp (D:3)
  2 dart slugs
  13 orcs
  5 endoplasms
  5 giant cockroaches
  13 goblins
  10 hobgoblins
  10 jackals
  13 kobolds
  2 quokkas
  4 ball pythons
  7 bats
  A frilled lizard (D:2)
  9 rats
  2 butterflies (D:4)
111 creatures vanquished.

Vanquished Creatures (others)
  621 foxfires
  6 fungi (D:2)
  A plant (D:2)
628 creatures vanquished.

Grand Total: 739 creatures vanquished

Notes
Turn   | Place    | Note
-------+----------+-------------------------------------------
     0 | D:1      | Hubjo the Deep Elf Fire Elementalist began the quest for
                  | the Orb.
     0 | D:1      | Reached XP level 1. HP: 10/10 MP: 6/6
     3 | D:1      | Noticed an electric eel
     4 | D:1      | Noticed an electric eel
   199 | D:1      | Reached XP level 2. HP: 16/16 MP: 0/8
   549 | D:1      | Reached skill level 1 in Fighting
  1016 | D:1      | Reached XP level 3. HP: 17/20 MP: 5/9
  2538 | D:2      | Reached XP level 4. HP: 26/26 MP: 6/11
  2715 | D:2      | Identified the +4 ring mail of Watchfulness {-Tele rC++
                  | Int+4}
  2751 | D:2      | Found a faded altar of an unknown god.
  3165 | D:2      | Found a runed translucent door.
  3166 | D:2      | Noticed Crazy Yiuf
  3279 | D:2      | Killed Crazy Yiuf
  3410 | D:3      | Reached skill level 4 in Fire Magic
  3625 | D:3      | Found a white marble altar of Elyvilon.
  3843 | D:3      | Reached XP level 5. HP: 23/30 MP: 7/13
  4786 | D:3      | Became a worshipper of Elyvilon the Healer
  5242 | D:4      | Reached XP level 6. HP: 36/36 MP: 8/15
  5349 | D:4      | Found a shimmering altar of Xom.
  5633 | D:4      | Found a shadowy altar of Dithmenos.
  5677 | D:4      | Learned a level 6 spell: Summon Cactus Giant
  5682 | D:4      | Learned a level 4 spell: Flame Wave
  5769 | D:4      | Reached skill level 5 in Fire Magic
  6115 | D:4      | Slain by a black bear

Illustrated notes

Levels and vault maps discovered:
D:1:      arrival_aquarium_b, layout_basic, minmay_quantized
D:2:      minmay_inner_zag, layout_rooms, shapermc_ecumenical_altar_hornbeckon,
          kennysheep_generic_room_15, uniq_crazy_yiuf_cottage
D:3:      layout_loops_corners, lemuel_doored_altar, grunt_ministairs_13,
          chequers_serial_rivers_large_b
D:4:      layout_loops_ring, mainiacjoe_overflow_six_doors_small,
          xom_butterflies

Skill      XL: |  1  2  3  4  5  6 |
---------------+-------------------+-----
Fighting       | 1 2 |  2.8
Stealth        | 3 4 |  4.6
Spellcasting   | 4 |  4.8
Fire Magic     | 4 5 |  5.0
Dodging        | |  2.4
Conjurations   | |  1.1
Summonings     | |  0.5

Action                   |  1- 3 |  4- 6 || total
-------------------------+-------+-------++-------
Melee: Dagger            |       |     2 ||     2
 Cast: Foxfire           |   164 |   222 ||   386
  Use: Scroll            |       |     3 ||     3
Armor: Robe              |     7 |     4 ||    11
Dodge: Dodged            |    25 |    18 ||    43

Table legend: (Time is in decaauts)
 A = Elapsed time spent in this place.
 B = Non-inter-level travel time spent in this place.
 C = Inter-level travel time spent in this place.
 D = Time resting spent in this place.
 E = Time spent auto-exploring this place.
 F = Levels seen in this place.
 G = Mean time per level.
                   A        B        C        D        E       F      G
               +--------+--------+--------+--------+--------+-----+--------+
         Total |   6143 |   6015 |    128 |      0 |   5152 |   4 | 1535.8 |
       Dungeon |   6143 |   6015 |    128 |      0 |   5152 |   4 | 1535.8 |
               +--------+--------+--------+--------+--------+-----+--------+

Top non-repeatable levels by time:
     D:2: 1725 daAuts
     D:1: 1682 daAuts
     D:3: 1450 daAuts
     D:4: 1285 daAuts
